 Dungeon Crawl Stone Soup version 0.30.1-4-g462c640d31 (webtiles) character file.

Game seed: 8967940188585706145

157 Mickster the Grave Robber (level 5, -11/49 HPs)
             Began as an Ogre Necromancer on Aug 14, 2023.
             Mangled by Edmund
             ... wielding a +4 heavy dire flail
              (14 damage)
             ... on level 4 of the Dungeon.
             The game lasted 00:41:27 (2708 turns).

Mickster the Grave Robber (Ogre Necromancer)        Turns: 2708, Time: 00:41:30

Health: -11/49     AC:  5    Str: 12    XL:     5   Next: 38%
Magic:  6/9        EV:  9    Int: 18    God:
Gold:   80         SH:  5    Dex:  9    Spells: 3/10 levels left

rFire   . . .        d - +2 spear (venom)
rCold   . . .        (no shield)
rNeg    . . .        a - +0 robe
rPois   .            q - +2 hat
rElec   .            (no cloak)
rCorr   .            (gloves unavailable)
SInv    .            (boots unavailable)
Will    .....        m - amulet of reflection
Stlth   +            e - ring of fire
HPRegen 0.28/turn    h - ring of ice
MPRegen 0.11/turn

%: reflection
@: no status effects
A: large, unfitting armour, tough skin 1
a: no special abilities


You were on level 4 of the Dungeon.
You visited 1 branch of the dungeon, and saw 4 of its levels.

You collected 80 gold pieces.

Inventory:

Hand Weapons
 c - a +2 short sword of speed
 d - a +2 spear of venom (weapon)
 g - a +1 mace of draining
 p - a +0 war axe
Missiles
 l - 2 poisoned darts (quivered)
 s - 8 stones
Armour
 a - a +0 robe (worn)
 f - a +0 helmet
 j - a +0 hat
 q - a +2 hat (worn)
 r - a +0 pair of boots
Jewellery
 e - a ring of fire (left hand)
 h - a ring of ice (right hand)
 m - an amulet of reflection (around neck)
Wands
 t - a wand of roots (10)
Scrolls
 i - 2 scrolls of immolation
 u - a scroll of identify
Potions
 k - a potion of curing {unknown}
 n - a potion of heal wounds
 o - a potion of resistance {unknown}


   Skills:
 * Level 1.9 Fighting
 - Level 0.2 Short Blades
 * Level 1.4 Polearms
 + Level 1.9 Dodging
 + Level 1.4 Stealth
 + Level 3.0 Spellcasting
 * Level 5.1 Necromancy


You had 3 spell levels left.
You knew the following spells:

 Your Spells              Type           Power      Damage    Failure   Level
a - Necrotise             Necr           84%        1d8       1%          1
b - Lesser Beckoning      Tloc           4%         N/A       24%         2
c - Vampiric Draining     Necr           21%        2d7       6%          3
d - Freeze                Ice            16%        1d4       16%         1

Your spell library contained the following spells:

 Spells                   Type           Power      Damage    Failure   Level
 Frozen Ramparts          Ice            8%         1d2       43%         3
 Gell's Gravitas          Tloc           2%         N/A       43%         3
 Hailstorm                Conj/Ice       4%         3d4       43%         3
 Teleport Other           Tloc           2%         N/A       43%         3
 Animate Dead             Necr           21%        N/A       21%         4
 Agony                    Necr           21%        N/A       50%         5


Dungeon Overview and Level Annotations

Branches:
Dungeon (4/15)
 Temple: D:4-7

Altars:

Annotations:
D:4 Edmund


Innate Abilities, Weirdness & Mutations

You are too large for most types of armour.
You have tough skin. (AC +1)


Message History

Press: ? - help, Shift-Dir - straight line, f/p - Edmund
Aim: Edmund, wielding a +4 heavy dire flail and wearing a +0 ring mail (moderately wounded, chance to affect: 80%) Edmund writhes in agony.
Edmund barely misses you.
Casting: Necrotise (safe; 1% risk of failure)
Confirm with . or Enter, or press ? or * to list all spells.
You don't have enough magic to cast this spell.
Magic courses through your body.
Edmund hits you with a +4 heavy dire flail.
* * * LOW HITPOINT WARNING * * *
Unknown command.
You puncture Edmund!
Edmund is poisoned.
Edmund is heavily wounded.
You barely miss Edmund.
Edmund is heavily wounded.
Edmund hits you with a +4 heavy dire flail.
* * * LOW HITPOINT WARNING * * *
It was a potion of heal wounds.
You feel much better.
Edmund says, "People will remember me!
They'll remember me and die!"
Edmund closely misses you.
You hit Edmund.
Edmund looks as sick as possible!
Edmund is heavily wounded.
You block the orc's attack.
Casting: Necrotise (safe; 1% risk of failure)
Confirm with . or Enter, or press ? or * to list all spells.
Aiming: Necrotise (safe; 1% risk of failure)
Press: ? - help, Shift-Dir - straight line, f/p - Edmund
Aim: Edmund, wielding a +4 heavy dire flail and wearing a +0 ring mail (severely wounded, extremely poisoned, chance to affect: 80%) Edmund writhes in agony.
Edmund hits you with a +4 heavy dire flail!!
* * * LOW HITPOINT WARNING * * *
The orc closely misses you.
Casting: Necrotise (safe; 1% risk of failure)
Confirm with . or Enter, or press ? or * to list all spells.
Aiming: Lesser Beckoning (dangerous; 24% risk of failure)
Press: ? - help, Shift-Dir - straight line, f/p - Edmund
Aim: Edmund, wielding a +4 heavy dire flail and wearing a +0 ring mail (almost dead, extremely poisoned, 100% to hit)
Nothing appears to happen.
The orc hits you with a +0 flail.
* * * LOW HITPOINT WARNING * * *
Edmund hits you with a +4 heavy dire flail!
You die...

...... #....#.#
#....... #.... .#
#.... .# #.#?##.#
#.o@...# #@#.###
##.....#
#########.###.#.####
#........#.........#
#<...).#.##.###.##.#
#...)..#.##.# #.# #
#......#.##.# #.# .#
#...........###)##.#
#......###.........#


You could see Edmund (extremely poisoned) and an orc.

Vanquished Creatures
  Ijyb (D:3)
  5 adders
  3 gnolls (D:4)
  A worm (D:2)
  6 orcs
  3 endoplasms
  2 giant cockroaches
  6 hobgoblins
  A quokka (D:1)
  3 ball pythons (D:1)
  5 bats
  3 frilled lizards
  A goblin (D:1)
  4 kobolds
  5 rats
49 creatures vanquished.

Vanquished Creatures (collateral kills)
  2 goblins
2 creatures vanquished.

Grand Total: 51 creatures vanquished

Notes
Turn   | Place    | Note
-------+----------+-------------------------------------------
     0 | D:1      | Mickster the Ogre Necromancer began the quest for the Orb.
     0 | D:1      | Reached XP level 1. HP: 16/16 MP: 3/3
    51 | D:1      | Found a faded altar of an unknown god.
   610 | D:1      | Reached XP level 2. HP: 25/26 MP: 0/5
   782 | D:1      | Reached skill level 1 in Fighting
  1007 | D:1      | Learned a level 2 spell: Lesser Beckoning
  1284 | D:2      | Reached skill level 4 in Necromancy
  1336 | D:2      | Reached XP level 3. HP: 33/33 MP: 3/6
  2195 | D:3      | Reached skill level 1 in Polearms
  2203 | D:3      | Reached XP level 4. HP: 41/41 MP: 3/8
  2446 | D:3      | Noticed Ijyb
  2461 | D:3      | Killed Ijyb
  2506 | D:3      | Learned a level 3 spell: Vampiric Draining
  2558 | D:3      | Reached XP level 5. HP: 36/48 MP: 5/9
  2607 | D:4      | Learned a level 1 spell: Freeze
  2613 | D:4      | Reached skill level 5 in Necromancy
  2690 | D:4      | Noticed Edmund
  2704 | D:4      | HP: 1/49 [Edmund/+4 heavy dire flail (5)]
  2708 | D:4      | Mangled by Edmund

Illustrated notes

Levels and vault maps discovered:
D:1:      evilmike_arrival_fibonacci_small, layout_loops_ring,
          basic_ecumenical_altar, minmay_misc_feat_ornament,
          minmay_misc_feat_tower, minmay_pentomino_w2
D:2:      layout_loops_corners, kennysheep_flooded_box,
          dreamdust_princess_corridor
D:3:      layout_loops_ring, uniq_ijyb, uniq_terence
D:4:      layout_loops_cross, uniq_edmund

Skill      XL: |  1  2  3  4  5 |
---------------+----------------+-----
Fighting       | 1 |  1.9
Necromancy     | 4 5 |  5.1
Polearms       | 1 |  1.4
Spellcasting   | 3 |  3.0
Short Blades   | |  0.2
Dodging        | |  1.9
Stealth        | |  1.4

Action                     |  1- 3 |  4- 6 || total
---------------------------+-------+-------++-------
  Melee: Short sword       |    16 |       ||    16
         Unarmed           |     2 |       ||     2
         Spear             |     6 |    46 ||    52
  Throw: Dart              |     3 |     2 ||     5
   Cast: Necrotise         |    53 |    29 ||    82
         Lesser Beckoning  |       |     4 ||     4
    Use: Scroll            |     8 |       ||     8
         Potion            |     1 |     2 ||     3
 Armour: Robe              |    17 |    16 ||    33
  Dodge: Dodged            |    15 |    31 ||    46
  Block: Other             |       |    15 ||    15
